 Dungeon Crawl Stone Soup version 0.29.0-4-gdea44cf6ec (webtiles) character file.

Game seed: 843743198059941479

1008 qw the Chopper (level 8, -13/48 HPs)
             Began as a Gargoyle Fighter on Sept 9, 2022.
             Killed from afar by a steam dragon (19 damage)
             ... with a ball of steam
             ... on level 6 of the Dungeon.
             The game lasted 00:02:17 (5723 turns).

qw the Chopper (Gargoyle Fighter)                   Turns: 5723, Time: 00:02:18

Health: -13/48     AC: 22    Str: 22    XL:     8   Next: 20%
Magic:  8/8        EV:  6    Int:  9    God:
Gold:   93         SH:  5    Dex: 15    Spells: 7/7 levels left

rFire   . . .      SeeInvis .   Y - +0 war axe
rCold   . . .      Faith    .   c - +0 buckler
rNeg    + . .      Spirit   .   i - +0 plate armour
rPois   inf        Reflect  .   l - +0 helmet
rElec   +          Harm     .   j - +0 cloak
rCorr   .          Rampage  .   n - +0 pair of gloves
Will    .....                   b - +0 pair of boots
Stlth   ..........              (no amulet)
HPRegen 0.16/turn               o - +6 ring of dexterity
MPRegen 0.11/turn               (no ring)

@: about to teleport
A: sickness immunity, AC +5, negative energy resistance 1, electricity
resistance, torment resistance 1, petrification resistance
a: no special abilities


You were on level 6 of the Dungeon.
You visited 1 branch of the dungeon, and saw 6 of its levels.

You collected 372 gold pieces.
You spent 279 gold pieces at shops.


Innate Abilities, Weirdness & Mutations

You are immune to sickness and miasma.
Your stone body is resilient. (AC +5)
You are immune to poison.
You resist negative energy. (rN+)
You are resistant to electric shocks. (rElec)
You are resistant to unholy torment.
You are immune to petrification.


   Skills:
 - Level 4.5 Fighting
 - Level 7.2 Axes
 - Level 1.8 Throwing
 + Level 4.3 Armour
 - Level 1.5 Dodging
 - Level 3.2 Shields


You had 7 spell levels left.
You didn't know any spells.
Your spell library was empty.

Inventory:

Hand Weapons
 t - a +0 flail
 Y - a +0 war axe (weapon)
Armour
 b - a +0 pair of boots (worn)
 c - a +0 buckler (worn)
 i - a +0 plate armour (worn)
 j - a +0 cloak (worn)
 l - a +0 helmet (worn)
 n - a +0 pair of gloves (worn)
Jewellery
 o - a +6 ring of dexterity (left hand)
Scrolls
 a - 4 scrolls of identify
Potions
 d - 2 potions of might
 e - a potion of resistance
 f - a potion of haste
 g - 2 potions of lignification
 h - 5 potions of curing
 s - 2 potions of attraction

Dungeon Overview and Level Annotations

Branches:
Dungeon (6/15)
 Temple: D:4-7

Altars:
Elyvilon
Fedhas
Nemelex Xobeh
Zin

Shops:
D:2 [   D:4 (?[*(   D:5 *   D:6 :

Annotations:
D:3 1 runed translucent door, Crazy Yiuf


Message History

The steam dragon bites you but does no damage.
The steam dragon completely misses you.
The shadow imp shouts!
You hit the hound.
The hound is lightly wounded.
You closely miss the steam dragon. You block the hound's attack.
The shadow imp shouts, "Away with thee, thou twisted tickle-brained clotpole!"
The steam dragon breathes steam at you. The ball of steam hits you.
The hound closely misses you.
You miss the hound.
The hound is lightly wounded.
You hit the steam dragon.
You are engulfed in a cloud of scalding steam.
The hound bites you but does no damage.
The steam dragon bites you but does no damage.
The steam dragon claws you. The hound bites you but does no damage.
You closely miss the steam dragon.
The steam dragon is moderately wounded.
You completely miss the hound.
You are engulfed in a cloud of scalding steam.
The steam dragon bites you but does no damage.
The steam dragon claws you but does no damage.
The hound is engulfed in a cloud of scalding steam.
The hound bites you but does no damage.
5722 ||| READING scroll of teleportation.
As you read the scroll of teleportation, it crumbles to dust.
You feel strangely unstable.
The hound is engulfed in a cloud of scalding steam.
The hound barely misses you. The steam dragon bites you.
You block the steam dragon's attack.
The hound is engulfed in a cloud of scalding steam.
The hound bites you but does no damage.
You barely miss the hound.
The hound is almost dead.
You barely miss the steam dragon. You slash the shadow imp!
The shadow imp hits you but does no damage.
The steam dragon breathes steam at you. The ball of steam hits you!!
You die...

.# .# #.# (. #.# .#
#.##.# ...(. #.#5# #.
#.#@######## #.#
#.#hD..?.... ...
###.#.###.###.
###.########.....>...#
.....[.........#.#.#.#
~~~~~~¤.####.#D#...h.
......~.# #........###
~~~~~.~.###........#
~¤..~.~......}...}.#


You could see a steam dragon (catching breath), a hound and a shadow imp.

Vanquished Creatures
  A wraith (D:5)
  A black bear (D:6)
  2 ogres
  A phantom (D:5)
  A scorpion (D:5)
  A necrophage (D:4)
  2 hounds
  2 orc priests
  Jessica (D:2)
  An orc wizard (D:3)
  Robin (D:3)
  8 gnolls
  4 adders
  A white imp (D:5)
  A worm (D:2)
  4 dart slugs
  10 orcs
  6 bats
  7 endoplasms
  3 giant cockroaches
  14 goblins
  10 hobgoblins
  6 jackals
  2 quokkas
  3 ball pythons
  2 frilled lizards
  9 kobolds
  6 rats
110 creatures vanquished.

Notes
Turn   | Place    | Note
-------+----------+-------------------------------------------
     0 | D:1      | qw the Gargoyle Fighter began the quest for the Orb.
     0 | D:1      | Reached XP level 1. HP: 14/14 MP: 1/1
     0 | D:1      | 0 ||| qw: Version: 0.1-a-113-g051387a
     0 | D:1      | 0 ||| qw: Game counter: 6952
     0 | D:1      | 0 ||| qw: Always use a shield: true
     0 | D:1      | 0 ||| qw: God list: Okawaru
     0 | D:1      | 0 ||| qw: Allow faded altars: false
     0 | D:1      | 0 ||| qw: Do Orc after D:15 true
     0 | D:1      | 0 ||| qw: Do second Lair branch before Depths: true
     0 | D:1      | 0 ||| qw: Lair rune preference: random
     0 | D:1      | 0 ||| qw: Plans: Normal, Zot, God:TSO, Crypt, Tomb, Zig,
                  | Orb
     0 | D:1      | 0 ||| PLANNING D:1-11
    70 | D:1      | Reached skill level 2 in Axes
   191 | D:1      | Reached XP level 2. HP: 13/19 MP: 2/2
   296 | D:1      | 296 ||| Stepping ~*~*~tactically~*~*~ (stealth).
   297 | D:1      | 297 ||| Stepping ~*~*~tactically~*~*~ (stealth).
   300 | D:1      | 300 ||| Stepping ~*~*~tactically~*~*~ (stealth).
   323 | D:1      | Found a faded altar of an unknown god.
   560 | D:1      | 560 ||| Stepping ~*~*~tactically~*~*~ (stealth).
   916 | D:1      | 916 ||| READING 3 scrolls labelled TASAET BOCAAZO.
   917 | D:1      | 917 ||| DRINKING 2 brown potions.
   945 | D:1      | 945 ||| READING 2 scrolls of identify.
   945 | D:1      | 945 ||| IDENTIFYING purple potion
   960 | D:2      | Reached skill level 3 in Axes
  1044 | D:2      | Reached XP level 3. HP: 20/23 MP: 3/3
  1104 | D:2      | 1104 ||| Stepping ~*~*~tactically~*~*~ (stealth).
  1319 | D:2      | Noticed Jessica
  1321 | D:2      | Killed Jessica
  1322 | D:2      | Reached skill level 4 in Axes
  1322 | D:2      | Reached XP level 4. HP: 24/28 MP: 4/4
  1405 | D:2      | 1405 ||| Stepping ~*~*~tactically~*~*~ (stealth).
  1415 | D:2      | 1415 ||| Stepping ~*~*~tactically~*~*~ (stealth).
  1553 | D:2      | Found Egen's Armour Shoppe.
  1561 | D:2      | 1561 ||| Stepping ~*~*~tactically~*~*~ (stealth).
  1576 | D:2      | 1576 ||| BUYING +0 leather armour of Beauty {rF+ Int-4
                  | Stlth+} (104 gold).
  1576 | D:2      | Bought the +0 leather armour of Beauty {rF+ Int-4 Stlth+}
                  | for 104 gold pieces
  1576 | D:2      | 1576 ||| BUYING +0 pair of gloves (45 gold).
  1576 | D:2      | Bought a +0 pair of gloves for 45 gold pieces
  1576 | D:2      | 1576 ||| SHOPLISTING +2 chain mail of willpower (215 gold,
                  | have 22).
  1576 | D:2      | 1576 ||| SHOPLISTING +2 ice dragon scales (720 gold, have
                  | 22).
  1576 | D:2      | 1576 ||| SHOPLISTING +3 plate armour of cold resistance
                  | (450 gold, have 22).
  1725 | D:2      | 1725 ||| UPGRADING to +0 cloak.
  1730 | D:2      | 1730 ||| UPGRADING to +0 pair of gloves.
  1735 | D:2      | 1735 ||| READING 2 scrolls labelled JORAUDY WOTZUT.
  1738 | D:2      | 1738 ||| READING scroll labelled DUJ UN XEIRUONK.
  1791 | D:3      | Found a white marble altar of Elyvilon.
  1792 | D:3      | 1792 ||| Stepping ~*~*~tactically~*~*~ (stealth).
  1792 | D:3      | Noticed Robin
  1793 | D:3      | 1793 ||| Stepping ~*~*~tactically~*~*~ (stealth).
  1794 | D:3      | 1794 ||| Stepping ~*~*~tactically~*~*~ (hiding).
  1822 | D:3      | Killed Robin
  1823 | D:3      | Reached XP level 5. HP: 11/32 MP: 5/5
  2143 | D:3      | 2143 ||| Stepping ~*~*~tactically~*~*~ (stealth).
  2372 | D:3      | Reached skill level 5 in Axes
  2372 | D:3      | 2372 ||| Stepping ~*~*~tactically~*~*~ (hiding).
  2692 | D:3      | Found a runed translucent door.
  2693 | D:3      | Noticed Crazy Yiuf
  2760 | D:3      | 2760 ||| UPGRADING to +0 helmet.
  2765 | D:3      | 2765 ||| DROPPING +6 ring of intelligence.
  2766 | D:3      | 2766 ||| READING scroll labelled BULU VYRYHOSOM.
  2867 | D:3      | 2867 ||| DRINKING 2 clear potions.
  2868 | D:3      | 2868 ||| DRINKING 2 smoky inky potions.
  2869 | D:3      | 2869 ||| DROPPING potion of invisibility.
  2975 | D:4      | Found Ziyfisk's Antique Weapon Shoppe.
  3101 | D:4      | Reached skill level 1 in Dodging
  3101 | D:4      | Reached XP level 6. HP: 31/38 MP: 6/6
  3145 | D:4      | 3145 ||| Stepping ~*~*~tactically~*~*~ (stealth).
  3191 | D:4      | 3191 ||| Stepping ~*~*~tactically~*~*~ (hiding).
  3339 | D:4      | Found Niracser's Armour Shop.
  3342 | D:4      | 3342 ||| SHOPLISTING +3 plate armour "Cogroy" {Int+9
                  | Stlth-} (750 gold, have 134).
  3342 | D:4      | 3342 ||| SHOPLISTING +6 plate armour of the Gloaming
                  | {+Blink Str+3} (879 gold, have 134).
  3342 | D:4      | 3342 ||| SHOPLISTING +9 plate armour "Ceogum" {Drain rPois
                  | Dex+4} (984 gold, have 134).
  3397 | D:4      | 3397 ||| Stepping ~*~*~tactically~*~*~ (hiding).
  3399 | D:4      | 3399 ||| Stepping ~*~*~tactically~*~*~ (hiding).
  3530 | D:4      | Found Vys Kecs's Assorted Antiques.
  3538 | D:4      | 3538 ||| SHOPLISTING pair of runed boots (165 gold, have
                  | 134).
  3538 | D:4      | 3538 ||| SHOPLISTING pair of runed gloves (165 gold, have
                  | 134).
  3538 | D:4      | 3538 ||| BUYING potion of curing (66 gold).
  3538 | D:4      | Bought a potion of curing for 66 gold pieces
  3538 | D:4      | 3538 ||| SHOPLISTING potion of heal wounds (110 gold, have
                  | 68).
  3538 | D:4      | 3538 ||| BUYING scroll labelled PILEG ITESON (22 gold).
  3538 | D:4      | Bought a scroll labelled PILEG ITESON for 22 gold pieces
  3538 | D:4      | 3538 ||| BUYING scroll labelled ZAPNEB WIDDUNE (22 gold).
  3538 | D:4      | Bought a scroll labelled ZAPNEB WIDDUNE for 22 gold pieces
  3611 | D:4      | Found Kaobaor's Antique Weapon Emporium.
  3612 | D:4      | 3612 ||| Stepping ~*~*~tactically~*~*~ (stealth).
  3630 | D:4      | 3630 ||| SHOPLISTING pitted flail (212 gold, have 24).
  3663 | D:4      | Found Roekhiq's Magic Scroll Shop.
  3672 | D:4      | 3672 ||| BUYING scroll of identify (20 gold).
  3672 | D:4      | Bought a scroll of identify for 20 gold pieces
  3672 | D:4      | 3672 ||| SHOPLISTING scroll of identify (20 gold, have 18).
  3948 | D:4      | 3948 ||| DROPPING +0 whip.
  4072 | D:4      | 4072 ||| DROPPING +0 leather armour of Beauty {rF+ Int-4
                  | Stlth+}.
  4073 | D:4      | 4073 ||| UPGRADING to +0 chain mail.
  4083 | D:4      | 4083 ||| DROPPING +0 scale mail.
  4084 | D:4      | 4084 ||| UPGRADING to +6 ring of dexterity.
  4085 | D:4      | 4085 ||| READING 2 scrolls labelled ZAPNEB WIDDUNE.
  4086 | D:4      | 4086 ||| READING scroll labelled UHATIWK RUFOA.
  4087 | D:4      | 4087 ||| READING scroll labelled PILEG ITESON.
  4088 | D:4      | 4088 ||| READING 5 scrolls of identify.
  4088 | D:4      | 4088 ||| IDENTIFYING cyan potion
  4089 | D:4      | 4089 ||| READING 4 scrolls of identify.
  4089 | D:4      | 4089 ||| IDENTIFYING viscous orange potion
  4090 | D:4      | 4090 ||| DROPPING potion of degeneration.
  4091 | D:4      | 4091 ||| DROPPING scroll of noise.
  4134 | D:5      | Entered Level 5 of the Dungeon
  4299 | D:5      | Found a blossoming altar of Fedhas.
  4390 | D:5      | Found Utir's General Store.
  4394 | D:5      | 4394 ||| SHOPLISTING scroll of acquirement (728 gold, have
                  | 42).
  4394 | D:5      | 4394 ||| SHOPLISTING scroll of blinking (105 gold, have
                  | 42).
  4405 | D:5      | HP: 5/38 [ogre/+0 giant club (13)]
  4406 | D:5      | 4406 ||| READING 2 scrolls of teleportation.
  4407 | D:5      | 4407 ||| DRINKING potion of heal wounds.
  4410 | D:5      | Reached skill level 6 in Axes
  4410 | D:5      | Reached XP level 7. HP: 32/43 MP: 7/7
  4637 | D:5      | Noticed a wraith
  4655 | D:5      | Killed a wraith
  4656 | D:5      | Reached skill level 7 in Axes
  4881 | D:5      | 4881 ||| Stepping ~*~*~tactically~*~*~ (hiding).
  4882 | D:5      | 4882 ||| Stepping ~*~*~tactically~*~*~ (hiding).
  5222 | D:5      | Found a sparkling altar of Nemelex Xobeh.
  5308 | D:5      | 5308 ||| UPGRADING to +0 pair of boots.
  5313 | D:5      | 5313 ||| UPGRADING to +0 plate armour.
  5323 | D:5      | 5323 ||| DROPPING +0 chain mail.
  5324 | D:5      | 5324 ||| READING 5 scrolls of identify.
  5324 | D:5      | 5324 ||| IDENTIFYING lumpy silvery potion
  5325 | D:5      | 5325 ||| READING 4 scrolls of identify.
  5325 | D:5      | 5325 ||| IDENTIFYING bubbling puce potion
  5327 | D:6      | Found a glowing silver altar of Zin.
  5328 | D:6      | Found Gasosaph's Vocational Training.
  5340 | D:6      | 5340 ||| FLEEEEING.
  5341 | D:6      | 5341 ||| FLEEEEING.
  5342 | D:6      | 5342 ||| FLEEEEING.
  5343 | D:6      | 5343 ||| FLEEEEING.
  5344 | D:6      | 5344 ||| FLEEEEING.
  5345 | D:6      | 5345 ||| STAIRDANCE
  5557 | D:6      | Reached skill level 1 in Throwing
  5557 | D:6      | Reached XP level 8. HP: 47/48 MP: 8/8
  5585 | D:6      | 5585 ||| FLEEEEING.
  5586 | D:6      | 5586 ||| FLEEEEING.
  5587 | D:6      | 5587 ||| FLEEEEING.
  5588 | D:6      | 5588 ||| FLEEEEING.
  5589 | D:6      | 5589 ||| FLEEEEING.
  5593 | D:6      | 5593 ||| FLEEEEING.
  5598 | D:6      | 5598 ||| FLEEEEING.
  5599 | D:6      | 5599 ||| FLEEEEING.
  5600 | D:6      | 5600 ||| FLEEEEING.
  5601 | D:6      | 5601 ||| STAIRDANCE
  5711 | D:6      | 5711 ||| Stepping ~*~*~tactically~*~*~ (stealth).
  5712 | D:6      | 5712 ||| Stepping ~*~*~tactically~*~*~ (stealth).
  5713 | D:6      | 5713 ||| Stepping ~*~*~tactically~*~*~ (stealth).
  5714 | D:6      | 5714 ||| Stepping ~*~*~tactically~*~*~ (cloud).
  5721 | D:6      | HP: 9/48 [steam dragon] (12)]
  5722 | D:6      | 5722 ||| READING scroll of teleportation.
  5723 | D:6      | Killed from afar by a steam dragon

Levels and vault maps discovered:
D:1:      kennysheep_arrival_forest, layout_loops_ring,
          hellmonk_ecumenical_altar_heavens_door
D:2:      kb_forest_paths, layout_rooms, serial_shops, shop,
          hangedman_feature_mirror, uniq_jessica
D:3:      layout_loops_ring, elyvilon_altar_5, uniq_crazy_yiuf_cottage,
          uniq_robin
D:4:      layout_loops_ring, serial_shops, shop, nicolae_lakefront_shop,
          nicolae_shop_hallway_plus, kennysheep_mini_moat,
          nicolae_shop_advertising_works [nicolae_subvault_shop_adworks],
          minmay_misc_feat_doors
D:5:      layout_loops_ring, mainiacjoe_overflow_paths,
          mainiacjoe_overflow_surrounded_room, serial_shops,
          nicolae_shop_behind_doors
D:6:      layout_loops_ring, general_overflow_altar, lemuel_crystal_altar,
          mainiacjoe_overflow_concentric_impassable, nicolae_shop_vocational,
          uniq_eustachio

Skill      XL: |  1  2  3  4  5  6  7  8 |
---------------+-------------------------+-----
Axes           | 2 3 4 5 6 7 |  7.2
Fighting       | 4 |  4.5
Dodging        | 1 |  1.5
Throwing       | 1 |  1.8
Armour         | 4 |  4.3
Shields        | |  3.2

Action                   |  1- 3 |  4- 6 |  7- 9 || total
-------------------------+-------+-------+-------++-------
Melee: War axe           |    88 |   233 |    48 ||   369
Throw: Javelin           |       |       |     2 ||     2
  Use: Scroll            |     2 |     9 |     3 ||    14
       Potion            |     1 |     3 |       ||     4
Armor: Scale mail        |    42 |   124 |       ||   166
       Chain mail        |       |    15 |    12 ||    27
       Plate armour      |       |       |    31 ||    31
Dodge: Dodged            |    32 |   111 |    18 ||   161
Block: Buckler           |    21 |    46 |    17 ||    84

Table legend:
 A = Non-vault XP
 B = Vault XP
 C = Vault XP percentage of total XP
 D = Non-vault monster count
 E = Vault monster count
 F = Vault count percentage of total count
                 A         B        C        D         E       F
            +---------+---------+-------+---------+---------+-------
      Total |    1337 |     103 |   7.2 |      92 |      18 |  16.4
            +---------+---------+-------+---------+---------+-------
        D:1 |      24 |       0 |   0.0 |      15 |       0 |   0.0
        D:2 |      35 |      71 |  67.0 |      17 |       7 |  29.2
        D:3 |     125 |      32 |  20.4 |      23 |      11 |  32.4
        D:4 |     229 |       0 |   0.0 |      20 |       0 |   0.0
        D:5 |     626 |       0 |   0.0 |      11 |       0 |   0.0
        D:6 |     298 |       0 |   0.0 |       6 |       0 |   0.0
            +---------+---------+-------+---------+---------+-------
